 Dungeon Crawl Stone Soup version 0.27-a0-931-g5a74e75d8f (webtiles) character file.

Game seed: 17696238447833428406

210 polve the Slasher (level 5, -5/41 HPs)
             Began as a Demonspawn Abyssal Knight on Apr 10, 2021.
             Was a Believer of Lugonu.
             Killed by nerve-wracking pain
             ... invoked by Grinder
              (12 damage)
             ... while paralysed by Grinder
             ... on level 3 of the Dungeon.
             The game lasted 00:02:20 (3866 turns).

polve the Slasher (Demonspawn Abyssal Knight)       Turns: 3866, Time: 00:02:21

Health: -5/41      AC:  3    Str: 12    XL:     5   Next: 57%
Magic:  6/6        EV:  2    Int: 14    God:    Lugonu [**....]
Gold:   121        SH:  0    Dex: 13    Spells: 4/4 levels left

rFire    . . .     SeeInvis .   a - +1 falchion
rCold    . . .     Faith    .   (no shield)
rNeg     . . .     Spirit   .   b - +0 leather armour
rPois    .         Reflect  .   (helmet restricted)
rElec    .         Harm     .   (no cloak)
rCorr    +         Rampage  .   (no gloves)
Will     .....                  (no boots)
Stlth    +.........             (no amulet)
HPRegen  0.13/turn              i - ring of resist corrosion
MPRegen  0.20/turn              (no ring)

@: paralysed, mighty
A: horns 1, magic regeneration
a: Renounce Religion, Depart the Abyss, Bend Space


You were on level 3 of the Dungeon.
You worshipped Lugonu.
Lugonu was pleased with you.
You visited 1 branch of the dungeon, and saw 3 of its levels.
You visited the Abyss 1 time.

You collected 121 gold pieces.

Inventory:

Hand Weapons
 a - a +1 falchion (weapon)
Armour
 b - a +0 leather armour (worn)
Jewellery
 i - a ring of resist corrosion (left hand)
Wands
 m - a wand of acid (7)
Scrolls
 c - 2 scrolls of vulnerability {unknown}
 f - a scroll of identify {unknown}
 g - 2 scrolls of teleportation {unknown}
 j - 2 scrolls of amnesia {unknown}
 k - a scroll of enchant armour {unknown}
 l - a scroll of blinking {unknown}
Potions
 d - a potion of heal wounds {unknown}


   Skills:
 - Level 3.0 Fighting
 + Level 5.4 Long Blades
 - Level 1.7 Armour
 - Level 0.8 Dodging
 - Level 2.4 Invocations


You had 4 spell levels left.
You didn't know any spells.
Your spell library contained the following spells:

 Spells                   Type           Power      Damage    Failure   Level
 Corona                   Hex            0%         N/A       36%         1
 Slow                     Hex            0%         N/A       50%         2
 Inner Flame              Hex/Fire       0%         N/A       73%         3
 Portal Projectile        Hex/Tloc       0%         N/A       73%         3
 Cause Fear               Hex            0%         N/A       98%         4
 Leda's Liquefaction      Hex/Erth       0%         N/A       98%         4


Dungeon Overview and Level Annotations

Branches:
Dungeon (3/15)

Altars:

Annotations:
D:3 Grinder


Innate Abilities, Weirdness & Mutations

You have a pair of small horns on your head.
You regenerate magic rapidly.


Message History

You are too injured to fight recklessly!
You hit Grinder but do no damage.
Grinder is lightly wounded.
Grinder misses you.
You hit Grinder. Your headbutt misses Grinder.
Grinder is moderately wounded.
Grinder barely misses you.
You hit Grinder but do no damage. You headbutt Grinder.
Grinder is moderately wounded.
Grinder hits you!
You barely miss Grinder. You headbutt Grinder.
Grinder is moderately wounded.
Grinder gestures at you.
You suddenly lose the ability to move!
Grinder hits you but does no damage. Grinder hits you.
You can move again.
Unknown command.
It was a potion of cancellation.
You feel magically purged. Grinder hits you!
It was a potion of might.
You feel very mighty all of a sudden. Grinder hits you.
* * * LOW HITPOINT WARNING * * *
You writhe in agony.
* * * LOW HITPOINT WARNING * * *
You closely miss Grinder.
Grinder is moderately wounded.
Grinder misses you.
You riposte.
You slash Grinder!
Grinder is severely wounded.
You slash Grinder! Your headbutt misses Grinder.
Grinder is almost dead.
Grinder blinks!
Grinder gestures at you.
You suddenly lose the ability to move!
Grinder says, "Mostly I couldn't keep them alive."
Grinder gestures at you.
You shrug off the repeated paralysis!
Grinder gestures at you. Pain shoots through your body!
You die...

#.##.#.###..# #.##
#.##..## ##.#
#......###..#
#.##.##.#.#.#
##.##.###..#.#
#.###.####.#.# ##### #.#
#........# #.#.###.#
#####...## #.......#
#.@...# ###.##.##
#.......#
####.#...####5........#
............'.........'.
.###.#...####.........###
.# #.##.## ##.......## .#
#.#### ##.....## .# #.#
##...## .# #..


You could see Grinder.

Vanquished Creatures
  Jessica (D:2)
  Natasha (twice) (D:2)
  A hound skeleton (D:2)
  4 adders (D:2)
  A worm (D:3)
  4 orcs (D:3)
  8 ball pythons
  6 bats
  A bat zombie (D:2)
  2 endoplasms
  5 giant cockroaches
  5 hobgoblins
  13 jackals
  A quokka (D:2)
  2 frilled lizards (D:1)
  5 goblins
  7 kobolds
  6 rats
74 creatures vanquished.

Notes
Turn   | Place    | Note
-------+----------+-------------------------------------------
     0 | Abyss:1  | polve the Demonspawn Abyssal Knight began the quest for the
                  | Orb.
     0 | Abyss:1  | Reached XP level 1. HP: 18/18 MP: 2/2
    80 | Abyss:1  | Noticed a wretched star
    83 | D:1      | Escaped the Abyss
   140 | D:1      | Reached skill level 2 in Long Blades
   153 | D:1      | Reached * piety under Lugonu
   351 | D:1      | Gained mutation: You regenerate magic rapidly. [demonic
                  | ancestry]
   351 | D:1      | Reached XP level 2. HP: 24/24 MP: 3/3
   678 | D:1      | Reached skill level 3 in Long Blades
  1100 | D:1      | Found a faded altar of an unknown god.
  1162 | D:1      | Reached XP level 3. HP: 27/29 MP: 4/4
  1377 | D:1      | Reached ** piety under Lugonu
  1852 | D:2      | Reached XP level 4. HP: 19/35 MP: 5/5
  1855 | D:2      | Reached skill level 4 in Long Blades
  2195 | D:2      | Noticed Natasha
  2210 | D:2      | Killed Natasha
  2508 | D:2      | Noticed Natasha
  2552 | D:2      | Killed Natasha
  2553 | D:2      | Gained mutation: You have a pair of small horns on your
                  | head. [demonic ancestry]
  2553 | D:2      | Reached XP level 5. HP: 18/41 MP: 6/6
  2928 | D:2      | Reached skill level 5 in Long Blades
  3045 | D:2      | Noticed Jessica
  3051 | D:2      | Killed Jessica
  3848 | D:3      | Noticed Grinder
  3857 | D:3      | Paralysed by Grinder for 3 turns
  3864 | D:3      | Paralysed by Grinder for 3 turns
  3866 | D:3      | Killed from afar by Grinder

Illustrated notes

Levels and vault maps discovered:
D:1:      nicolae_arrival_memento_mori, layout_basic,
          shapermc_ecumenical_altar_mp_urbaneastern, skrybe_limestone_x,
          st_stairs_9
D:2:      layout_basic, serial_undead, serial_undead_d, serial_undead_e,
          serial_undead_d, serial_undead_b, uniq_jessica, uniq_natasha
D:3:      layout_loops_corners, gammafunk_ghost_cemetery, minmay_checkerbox,
          uniq_grinder

Skill      XL: |  1  2  3  4  5 |
---------------+----------------+-----
Long Blades    | 2 3 4 5 |  5.4
Fighting       | |  3.0
Armour         | |  1.7
Dodging        | |  0.8
Invocations    | |  2.4

Action                   |  1- 3 |  4- 6 || total
-------------------------+-------+-------++-------
Melee: Falchion          |   128 |   129 ||   257
       Headbutt          |       |    14 ||    14
Invok: Depart the Abyss  |     1 |       ||     1
  Use: Potion            |       |     2 ||     2
Armor: Leather armour    |    48 |    24 ||    72
Dodge: Dodged            |   114 |    58 ||   172
       Rpst.: Falchion   |    35 |    17 ||    52

Table legend: (Time is in decaauts)
 A = Elapsed time spent in this place.
 B = Non-inter-level travel time spent in this place.
 C = Inter-level travel time spent in this place.
 D = Time resting spent in this place.
 E = Time spent auto-exploring this place.
 F = Levels seen in this place.
 G = Mean time per level.
                   A        B        C        D        E       F      G
               +--------+--------+--------+--------+--------+-----+--------+
         Total |   3897 |   3786 |    111 |      0 |   3281 |   4 |  974.2 |
       Dungeon |   3814 |   3703 |    111 |      0 |   3199 |   3 | 1271.3 |
         Abyss |     83 |     83 |      0 |      0 |     82 |   1 |   83.0 |
               +--------+--------+--------+--------+--------+-----+--------+

Top non-repeatable levels by time:
     D:2: 1743 daAuts
     D:1: 1403 daAuts
     D:3: 667 daAuts
 Abyss:1: 83 daAuts
